 Dungeon Crawl Stone Soup version 0.21.1-1-g345015fe64 (webtiles) character file.

735 Artool the Cudgeler (level 7, -1/56 HPs)
             Began as a Demonspawn Gladiator on June 22, 2018.
             Slain by an orc wizard
             ... wielding a +0 dagger
              (2 damage)
             ... on level 6 of the Dungeon.
             The game lasted 00:14:31 (6937 turns).

Artool the Cudgeler (Demonspawn Gladiator)          Turns: 6937, Time: 00:14:31

Health: -1/56      AC: 11    Str: 14    XL:     7   Next: 45%
Magic:  7/7        EV: 12    Int:  7    God:
Gold:   40         SH:  0    Dex: 17    Spells: 6/6 levels left

rFire    + . .     SeeInvis .   v - +0 whip
rCold    + . .     Gourm    .   (no shield)
rNeg     . . .     Faith    .   z - +1 scale mail "Konic" {+Inv rC+ Int-2}
rPois    .         Spirit   .   c - +0 helmet
rElec    .         Reflect  .   g - +0 cloak
rCorr    .         Harm     .   (no gloves)
MR       .....                  p - +0 pair of boots
Stlth    ..........             (no amulet)
HPRegen  0.18/turn              (no ring)
MPRegen  0.10/turn              (no ring)

@: no status effects
A: claws 2, repulsion field 1, fire resistance 1
a: Evoke Invisibility


You were on level 6 of the Dungeon.
You were very hungry.

You visited 1 branch of the dungeon, and saw 6 of its levels.

You collected 235 gold pieces.
You spent 195 gold pieces at shops.

Inventory:

Hand Weapons
 a - a +0 flail
 v - a +0 whip (weapon)
Missiles
 d - 3 throwing nets
 y - 7 javelins (quivered)
Armour
 b - a +0 leather armour
 c - a +0 helmet (worn)
 g - a +0 cloak (worn)
 l - a +0 chain mail
 p - a +0 pair of boots (worn)
 z - the +1 scale mail "Konic" (worn) {+Inv rC+ Int-2}
   (You found it on level 4 of the Dungeon)

   It affects your intelligence (-2).
   It protects you from cold.
   It lets you turn invisible.
Jewellery
 E - an uncursed ring of poison resistance {unknown}
Scrolls
 i - 4 scrolls of remove curse {unknown}
 k - 2 scrolls of noise {unknown}
 m - 4 scrolls of enchant weapon {unknown}
 n - a scroll of amnesia {unknown}
 o - a scroll of fear {unknown}
 q - a scroll of immolation {unknown}
 t - 2 scrolls of enchant armour {unknown}
 x - 2 scrolls of identify {unknown}
 D - a scroll of fog {unknown}
Potions
 e - 4 potions of curing
 h - 2 potions of brilliance {unknown}
 j - a potion of haste {unknown}
 r - a potion of agility {unknown}
 u - a potion of mutation {unknown}
 w - 2 potions of heal wounds
 A - 2 potions of flight
 B - a potion of degeneration
 C - a potion of lignification
Books
 s - a book of Maledictions

   Spells                             Type                      Level
   a - Corona                         Hexes                        1
   b - Ensorcelled Hibernation        Hexes/Ice                    2
   c - Confuse                        Hexes                        3
   d - Tukima's Dance                 Hexes                        3
   e - Dazzling Spray                 Conjuration/Hexes            3
Comestibles
 f - 9 rations


   Skills:
 * Level 5.1 Fighting
 * Level 5.1 Maces & Flails
 - Level 1.7 Throwing
 * Level 4.1 Armour
 - Level 2.6 Dodging


You had 6 spell levels left.
You didn't know any spells.

Dungeon Overview and Level Annotations

Branches:
Dungeon (6/15)
 Temple: D:4-7

Altars:
Elyvilon
Fedhas
Kikubaaqudgha
Ru
Trog
Vehumet
Zin
The Shining One

Shops:
D:5 ?!


Innate Abilities, Weirdness & Mutations

You have very sharp fingernails.
You are surrounded by a mild repulsion field. (EV +2)
Your flesh is heat resistant. (rF+)


Message History

The orc hits you but does no damage.
Things that are here:
a falchion; an orc corpse You closely miss the orc.
The orc wizard shouts!
The orc misses you. The orc closely misses you.
You hit the orc but do no damage.
The iguana hisses menacingly.
The orc closely misses you. The orc misses you.
You hit the orc but do no damage. The iguana bites you.
* * * LOW HITPOINT WARNING * * *
You hit the orc.
The orc is moderately wounded.
The orc misses you.
The iguana bites you but does no damage.
You hit the orc wizard but do no damage.
The orc hits you but does no damage. The iguana bites you!
* * * LOW HITPOINT WARNING * * *
You barely miss the orc wizard. The orc wizard hits you with a dagger.
You die...

#.#########..[......
..W......†.......?_.
#.#####.####........
#.#####.###.........
#...................
#######.###.........
#W..#......... #.###
#o#.#.........
#...#.....#@#.#
.......
#...#.....lo# #
#...#.....#o#
#...#..<.....
#...#..##.#.#.
#...#.......#.#
#...#...# ... #
#..<....# ...
......#.#........


You could see a phantom, an iguana, an orc wizard and 2 orcs.

Vanquished Creatures
  A bullfrog (D:6)
  2 scorpions (D:4)
  A bullfrog zombie (D:5)
  A hound (D:4)
  An orc priest (D:4)
  A bullfrog skeleton (D:5)
  A centaur skeleton (D:5)
  Jessica (D:3)
  2 iguanas
  6 worker ants
  6 adders
  3 gnolls (D:4)
  2 shadow imps (D:5)
  An ooze (D:4)
  An adder zombie (D:5)
  3 dart slugs (D:1)
  5 worms
  A leopard gecko (D:1)
  5 orcs
  5 ball pythons
  3 giant cockroaches
  9 goblins
  7 hobgoblins
  6 quokkas
  5 bats
  10 frilled lizards
  A goblin zombie (D:5)
  2 hobgoblin zombies (D:5)
  13 kobolds
  A kobold skeleton (D:5)
  A kobold zombie (D:5)
  An orc skeleton (D:5)
  An orc zombie (D:5)
  9 rats
118 creatures vanquished.

Vanquished Creatures (others)
  A goblin (D:3)
  A bat (D:3)
  A rat (D:3)
3 creatures vanquished.

Grand Total: 121 creatures vanquished

Notes
Turn   | Place    | Note
-------+----------+-------------------------------------------
     0 | D:1      | Artool the Demonspawn Gladiator began the quest for the Orb.
     0 | D:1      | Reached XP level 1. HP: 16/16 MP: 1/1
   215 | D:1      | Gained mutation: You have sharp fingernails. [demonic ancestry]
   215 | D:1      | Reached XP level 2. HP: 15/22 MP: 2/2
   483 | D:1      | Reached skill level 1 in Armour
   766 | D:1      | Gained mutation: You have very sharp fingernails. [demonic ancestry]
   766 | D:1      | Reached XP level 3. HP: 24/28 MP: 3/3
  1050 | D:2      | Found a sacrificial altar of Ru.
  1334 | D:2      | Reached XP level 4. HP: 20/35 MP: 4/4
  1999 | D:3      | Noticed Jessica
  2001 | D:3      | Killed Jessica
  2339 | D:3      | Found a bloodstained altar of Trog.
  2378 | D:3      | Found a radiant altar of Vehumet.
  2714 | D:3      | Reached XP level 5. HP: 41/41 MP: 5/5
  3208 | D:4      | Found a blossoming altar of Fedhas.
  3259 | D:4      | Gained mutation: Your flesh is heat resistant. (rF+) [demonic ancestry]
  3259 | D:4      | Reached XP level 6. HP: 15/48 MP: 6/6
  4559 | D:4      | Got a heavily runed scale mail
  4570 | D:4      | Identified the +1 scale mail "Konic" {+Inv rC+ Int-2} (You found it on level 4 of the Dungeon)
  4944 | D:5      | Entered Level 5 of the Dungeon
  4953 | D:5      | Found Womeh's Distillery.
  5250 | D:5      | Bought a potion of flight for 39 gold pieces
  5250 | D:5      | Bought a potion of heal wounds for 65 gold pieces
  5250 | D:5      | Bought a potion of curing for 39 gold pieces
  5250 | D:5      | Bought a potion of degeneration for 13 gold pieces
  5250 | D:5      | Bought a potion of lignification for 39 gold pieces
  5409 | D:5      | Gained mutation: You are surrounded by a mild repulsion field. (EV +2) [demonic ancestry]
  5409 | D:5      | Reached XP level 7. HP: 42/55 MP: 7/7
  5516 | D:5      | Noticed a two-headed ogre
  5556 | D:5      | Found Zaru's Magic Scroll Emporium.
  6042 | D:5      | Found a glowing silver altar of Zin.
  6413 | D:5      | Found an ancient bone altar of Kikubaaqudgha.
  6508 | D:5      | Found a glowing golden altar of the Shining One.
  6883 | D:6      | Found a white marble altar of Elyvilon.
  6898 | D:6      | Reached skill level 5 in Fighting
  6898 | D:6      | Reached skill level 5 in Maces & Flails
  6936 | D:6      | HP: 1/56 [iguana (7)]
  6937 | D:6      | Slain by an orc wizard

Skill      XL: |  1  2  3  4  5  6  7 |
---------------+----------------------+-----
Maces & Flails | 3 4 5 |  5.1
Armour         | 1 2 3 4 |  4.1
Fighting       | 3 4 5 |  5.1
Throwing       | |  1.7
Dodging        | |  2.6

Action                   |  1- 3 |  4- 6 |  7- 9 || total
-------------------------+-------+-------+-------++-------
Melee: Flail             |   124 |   157 |       ||   281
       Whip              |       |   200 |   167 ||   367
  Use: Potion            |       |       |     1 ||     1
  Eat: Chunk             |     1 |    10 |     4 ||    15
       Ration            |       |     1 |       ||     1
Armor: Leather armour    |    24 |       |       ||    24
       Chain mail        |    29 |   180 |       ||   209
       Scale mail        |       |    66 |    65 ||   131
Dodge: Dodged            |    65 |   128 |   103 ||   296
